 Dungeon Crawl Stone Soup version 0.19.1 (webtiles) character file.

71 esteth the Conjurer (level 4, -8/24 HPs)
             Began as a Deep Elf Conjurer on Dec 18, 2016.
             Killed by divine providence
             ... invoked by an orc priest
              (15 damage)
             ... on level 2 of the Dungeon.
             The game lasted 00:05:31 (2090 turns).

esteth the Conjurer (Deep Elf Conjurer)             Turns: 2090, Time: 00:05:32

Health: -8/24      AC:  2    Str:  5    XL:     4   Next: 5%
Magic:  3/12       EV: 13    Int: 19    God:
Gold:   125        SH:  0    Dex: 15    Spells: 1 memorised, 11 levels left

rFire  + . .     SeeInvis .     (no weapon)
rCold  . . .     Gourm    .     a - +0 robe
rNeg   . . .     Faith    .     (no shield)
rPois  .         Spirit   .     (no helmet)
rElec  .         Reflect  .     (no cloak)
rCorr  .         Harm     .     (no gloves)
MR     .....                    (no boots)
Stlth  ++........               (no amulet)
                                k - -2 ring of intelligence (curse)
                                g - ring of protection from fire

@: no status effects
A: no striking features
a: no special abilities


You were on level 2 of the Dungeon.
You were not hungry.

You visited 1 branch of the dungeon, and saw 3 of its levels.

You collected 125 gold pieces.

Inventory:

Hand Weapons
 o - a cursed -2 dagger
Armour
 a - a +0 robe (worn)
Jewellery
 g - a ring of protection from fire (left hand)
 i - an uncursed amulet of guardian spirit
 k - a cursed -2 ring of intelligence (right hand)
Scrolls
 l - 2 scrolls of identify
 q - a scroll of immolation {unknown}
 r - a scroll of teleportation
Potions
 d - 2 potions of heal wounds
 e - a potion of cancellation {unknown}
 f - 3 potions of curing {unknown}
 h - a potion of resistance {unknown}
 j - a potion of lignification {unknown}
 m - a potion of flight {unknown}
Books
 b - a book of Conjurations

   Spells                             Type                      Level
   a - Magic Dart                     Conjuration                  1
   b - Searing Ray                    Conjuration                  2
   c - Dazzling Spray                 Conjuration/Hexes            3
   d - Fulminant Prism                Conjuration/Hexes            4
   e - Iskenderun's Mystic Blast      Conjuration                  4
   f - Iskenderun's Battlesphere      Conjuration/Charms           5
Comestibles
 c - a bread ration
 n - a meat ration


   Skills:
 - Level 2.4 Dodging
 - Level 2.4 Stealth
 + Level 4.5 Spellcasting
 + Level 5.4 Conjurations


You had 11 spell levels left.
You knew the following spells:

 Your Spells              Type           Power        Failure   Level  Hunger
a - Magic Dart            Conj           ###.         1%          1    None


Dungeon Overview and Level Annotations

Branches:
Dungeon (3/15)

Altars:

Annotations:
D:2 exclusion: downstairs


Message History

* * * LOW HITPOINT WARNING * * *
The orc priest looks satisfied for a moment.
Casting: Magic Dart
Confirm with . or Enter, or press ? or * to list all spells.
Aiming: Magic Dart
Press: ? - help, Shift-Dir - straight line, f - orc priest
Aim: an orc priest, wearing a leather armour (heavily wounded)
The magic dart hits the orc priest.
The orc priest is heavily wounded.
Casting: Magic Dart
Confirm with . or Enter, or press ? or * to list all spells.
Aiming: Magic Dart
Press: ? - help, Shift-Dir - straight line, f/p - orc priest
Aim: an orc priest, wearing a leather armour (heavily wounded)
The magic dart hits the orc priest.
The orc priest is almost dead.
The orc priest mumbles some strange prayers to Beogh against you.
Beogh smites you!
Ouch! That really hurt!
You die...

##..............## #.#
.....##..###.#### #.#
..###.#..# #.# #.# #.#
#....###.###########.###
#.###.##...................###
#............##########......#
#.############ #.##.#.# #.#
##########.##.#.#### ..#
#..@...o............ #.#
#.######.#####.#####
#.############.# #.....o.##
#..............# #.#####..#
.....########### #.....)..#
##...# #####.#####..### ###.##
#..............# #.#
#.###.#####.##.# #.# #.#
#.......##o#


You could see an orc priest.

Vanquished Creatures
  2 adders (D:2)
  2 leopard geckos
  5 orcs (D:3)
  7 bats
  2 giant cockroaches (D:1)
  2 goblins
  11 hobgoblins
  2 frilled lizards
  6 kobolds
  5 rats
44 creatures vanquished.

Notes
Turn   | Place    | Note
-------+----------+-------------------------------------------
     0 | D:1      | esteth the Deep Elf Conjurer began the quest for the Orb.
     0 | D:1      | Reached XP level 1. HP: 10/10 MP: 6/6
   259 | D:1      | Reached XP level 2. HP: 15/15 MP: 5/8
  1017 | D:1      | Reached skill level 5 in Conjurations
  1250 | D:2      | Reached XP level 3. HP: 19/19 MP: 7/10
  2046 | D:3      | Reached XP level 4. HP: 22/24 MP: 7/12
  2090 | D:2      | Killed from afar by an orc priest

Skill      XL: |  1  2  3 |
---------------+----------+-----
Conjurations   | 5 |  5.4
Spellcasting   | 4 |  4.5
Dodging        | |  2.4
Stealth        | |  2.4

Action                   |  1- 3 |  4- 6 || total
-------------------------+-------+-------++-------
Melee: Unarmed           |     3 |       ||     3
 Cast: Magic Dart        |    89 |    11 ||   100
  Use: Scroll            |     3 |       ||     3
  Eat: Chunk             |     3 |       ||     3
Armor: Robe              |     3 |       ||     3
Dodge: Dodged            |    20 |     2 ||    22
